Map: Eternal Empire LE

Players

Denver - Winner!

  • Race: Zerg Zerg
  • League: Grandmaster
  • Spawn Location: 1:00

Kas

  • Race: Terran Terran
  • League: Grandmaster
  • Spawn Location: 7:00

Event: DreamHack SC2 Masters 2020 Fall

VOD

Have the link to the VOD?

Description

Time

  • Played on: Aug. 30, 2020, 12:58 p.m.
  • Length: 12:25

All games in this series

Show
View Real Time Build Order
Export as new Build Order

Denver Zerg - Winner!

Build Orders: Hatch First, Muta Ling Bane 

Get SALT Encoding   

  12  0:00  Drone  
  13  0:13  Overlord  
  13  0:18  Drone  
  14  0:32  Drone x2  
  16  0:48  Hatchery  
  15  0:52  Drone  
  15  0:56  Drone  
  17  1:01  Drone  
  18  1:10  Extractor  
  17  1:15  Spawning Pool  
  16  1:18  Drone  
  16  1:21  Drone  
  18  1:30  Drone  
  19  1:40  Drone  
  20  1:50  Overlord  
  20  2:02  Queen x2  
  20  2:03  Zergling x4  
  26  2:11  Metabolic Boost  
  26  2:13  Drone  
  26  2:15  Drone  
  28  2:34  Hatchery  
  27  2:38  Drone  
  27  2:40  Drone  
  27  2:44  Drone  
  30  2:47  Overlord  
  30  2:53  Spore Crawler  
  30  2:58  Drone x2  
  31  3:01  Drone x2  
  34  3:08  Queen  
  34  3:12  Drone  
  37  3:15  Spore Crawler  
  37  3:17  Drone  
  37  3:19  Drone  
  38  3:23  Pneumatized Carapace  
  38  3:24  Drone  
  40  3:28  Overlord  
  40  3:31  Drone  
  41  3:34  Drone x2  
  41  3:38  Drone  
  44  3:44  Overlord  
  44  3:45  Queen  
  46  3:50  Drone  
  46  3:51  Drone x2  
  49  3:55  Drone x2  
  49  4:01  Queen  
  53  4:03  Overlord  
  53  4:08  Baneling Nest  
  53  4:09  Drone x2  
  54  4:11  Drone  
  55  4:18  Drone x4  
  55  4:19  Drone  
  55  4:20  Drone  
  61  4:24  Drone  
  61  4:26  Overlord  
  61  4:27  Evolution Chamber  
  61  4:32  Lair  
  61  4:34  Queen  
  61  4:38  Drone x2  
  65  4:39  Drone  
  65  4:41  Overlord  
  65  4:44  Spore Crawler  
  65  4:47  Spore Crawler  
  65  4:48  Drone x3  
  67  4:54  Zergling x4, Spore Crawler  
  67  4:55  Zergling x2  
  69  5:00  Zergling x10  
  74  5:08  Baneling x4  
  74  5:10  Zergling x2  
  74  5:11  Zergling x10  
  78  5:17  Drone x2  
  75  5:24  Overlord x2  
  75  5:27  Overlord  
  74  5:30  Overlord  
  74  5:37  Drone  
  74  5:40  Overlord  
  74  5:42  Extractor x2  
  72  5:43  Extractor  
  72  5:45  Drone x3  
  72  5:46  Drone x6  
  72  5:49  Centrifical Hooks  
  79  5:55  Drone x2  
  77  5:59  Queen  
  77  6:02  Drone x3  
  82  6:10  Drone  
  82  6:17  Drone x2  
  82  6:18  Hatchery  
  83  6:21  Extractor  
  83  6:22  Extractor  
  83  6:23  Spire  
  83  6:24  Drone  
  80  6:28  Drone x2  
  81  6:34  Evolution Chamber  
  81  6:35  Evolution Chamber, Drone x3  
  81  6:37  Queen  
  83  6:40  Drone  
  83  6:45  Drone x4  
  89  6:54  Zergling x4  
  89  6:56  Queen  
  89  6:57  Drone  
  89  7:00  Hatchery  
  92  7:03  Zerg Melee Weapons Level 1, Zerg Ground Armor Level 1  
  92  7:05  Zergling x4  
  94  7:09  Overlord  
  94  7:13  Zergling x14  
  101  7:17  Baneling  
  101  7:18  Baneling x3  
  101  7:25  Zergling x8  
  101  7:27  Baneling x7  
  105  7:32  Zergling x4  
  105  7:33  Zergling x6  
  110  7:39  Mutalisk  
  110  7:40  Mutalisk  
  110  7:41  Mutalisk x2  
  110  7:43  Baneling x5  
  116  7:44  Baneling  
  116  7:46  Overlord  
  116  7:50  Baneling x4  
  116  7:51  Overlord  
  116  7:56  Mutalisk  
  116  7:58  Overlord  
  118  8:01  Zergling x2  
  118  8:02  Overlord  
  119  8:09  Mutalisk x2  
  119  8:12  Drone x7  
  128  8:13  Drone x3  
  131  8:21  Mutalisk  
  131  8:22  Mutalisk  
  131  8:24  Unknown, Drone x3  
  131  8:25  Overlord  
  131  8:26  Zergling x4  
  131  8:27  Zergling x2  
  140  8:32  Overlord  
  140  8:35  Overlord x2  
  140  8:36  Zerg Flyer Weapons Level 1  
  140  8:40  Zergling x8  
  144  8:42  Baneling x3  
  144  8:43  Baneling x2  
  144  8:47  Overlord  
  144  8:50  Zergling x10  
  149  8:57  Mutalisk x4  
  149  9:00  Zergling x2  
  149  9:01  Zergling x6  
  161  9:07  Zergling x12  
  167  9:10  Baneling x7  
  167  9:13  Zergling x6  
  167  9:16  Zerg Ground Armor Level 2  
  168  9:21  Zergling x10  
  172  9:30  Zergling x18  
  179  9:34  Zerg Melee Weapons Level 2  
  179  9:43  Mutalisk x2  
  179  9:45  Overlord x2  
  183  9:46  Baneling  
  183  9:49  Burrow  
  183  9:51  Overlord  
  183  9:52  Hatchery  
  182  9:56  Zergling x14  
  184  10:07  Zergling x4  
  184  10:08  Zergling x14  
  193  10:15  Zergling x8  
  170  10:31  Mutalisk x11  
  154  10:36  Zergling x2  
  154  10:41  Zergling x2  
  154  10:42  Zergling x4  
  146  10:47  Zergling x28  
  146  10:48  Zergling x4  
  151  10:53  Zergling x2, Baneling  
  151  10:54  Baneling x6  
  151  10:56  Mutalisk x2  
  156  11:11  Baneling  
  156  11:12  Baneling x9  
  156  11:13  Zergling x18  
  165  11:24  Zergling x26  
  178  11:27  Drone x3  
  178  11:32  Baneling x4  
  181  11:33  Baneling x5  
  181  11:42  Zergling x20  
  191  11:48  Baneling x8  
  191  11:49  Baneling x3  
  191  11:53  Zergling x10  
  196  11:56  Zergling x2  
  196  11:57  Zergling x6  
Show
View Real Time Build Order
Export as new Build Order

Kas Terran 

Build Orders: Reaper Expand 

Get SALT Encoding   

  12  0:00  SCV  
  13  0:12  SCV  
  14  0:17  Supply Depot  
  14  0:24  SCV  
  15  0:38  SCV  
  15  0:39  Barracks  
  16  0:43  Refinery  
  16  0:50  SCV  
  17  1:03  SCV  
  18  1:15  SCV  
  19  1:26  Reaper  
  19  1:27  Orbital Command  
  20  1:40  Command Center  
  20  1:50  Supply Depot  
  20  1:53  SCV  
  21  1:58  Marine  
  22  2:06  SCV  
  23  2:09  Factory  
  23  2:18  SCV, Refinery  
  24  2:23  Barracks Reactor  
  24  2:42  SCV  
  25  2:57  Starport  
  25  3:01  Orbital Command  
  25  3:02  SCV  
  26  3:08  Hellion x2  
  26  3:09  Barracks Tech Lab  
  30  3:14  SCV  
  31  3:26  SCV  
  32  3:28  SCV  
  32  3:29  Hellion x2  
  32  3:33  Viking  
  39  3:37  Marauder  
  39  3:38  SCV  
  39  3:40  SCV  
  43  3:42  Supply Depot  
  43  3:47  Concussive Shells  
  43  3:50  SCV  
  43  3:53  SCV  
  46  4:02  SCV  
  46  4:04  Hellion x2, Marauder  
  46  4:07  Armory  
  46  4:08  SCV  
  53  4:12  Supply Depot  
  53  4:19  Liberator  
  53  4:22  SCV  
  57  4:33  SCV  
  57  4:35  SCV  
  59  4:41  Command Center  
  59  4:45  SCV, Stimpack, Marine  
  61  4:47  SCV  
  62  4:53  Barracks  
  62  4:57  SCV  
  62  4:59  Factory Tech Lab  
  63  5:05  Barracks  
  63  5:12  SCV  
  64  5:19  SCV  
  65  5:25  SCV  
  64  5:29  Marine, Siege Tank  
  64  5:30  Starport Reactor  
  64  5:31  SCV  
  64  5:33  Engineering Bay  
  69  5:35  Refinery  
  69  5:36  Refinery  
  69  5:37  SCV, Engineering Bay  
  68  5:43  SCV, Marine  
  68  5:47  Supply Depot  
  68  5:48  Supply Depot  
  70  5:52  Marine  
  70  5:53  SCV  
  70  5:55  SCV, Orbital Command  
  73  5:59  Marine  
  73  6:01  Marine  
  75  6:05  SCV  
  75  6:06  Siege Tank  
  75  6:08  SCV  
  75  6:10  Marine  
  81  6:17  SCV, Marine  
  81  6:18  Barracks, Terran Infantry Armor Level 1  
  80  6:19  Marine  
  80  6:20  SCV  
  80  6:21  Marine  
  80  6:22  Starport Reactor  
  80  6:24  Orbital Command  
  83  6:29  SCV  
  83  6:30  Marine x2  
  76  6:32  Combat Shield  
  76  6:33  Supply Depot  
  76  6:35  Marine  
  76  6:38  SCV  
  74  6:40  Barracks  
  74  6:41  SCV  
  75  6:47  Siege Tank  
  75  6:49  SCV  
  75  6:50  Marine  
  75  6:51  SCV, Marine  
  75  6:53  SCV, Terran Infantry Weapons Level 1  
  83  6:55  Marine x2  
  83  6:56  Marine  
  86  7:01  SCV  
  86  7:03  Medivac x2  
  86  7:05  Barracks Reactor  
  91  7:08  Marine x2  
  91  7:10  Supply Depot x2  
  91  7:13  Marine x2  
  95  7:16  SCV  
  95  7:17  SCV  
  95  7:18  SCV  
  95  7:19  Marine  
  95  7:20  Siege Tank  
  102  7:26  Marine x2  
  102  7:28  Barracks Reactor, Barracks  
  102  7:29  Barracks  
  104  7:30  SCV, Barracks  
  104  7:31  Marine  
  104  7:36  SCV  
  107  7:38  SCV, Bunker  
  107  7:41  Marine x2  
  107  7:42  SCV, Medivac x2  
  114  7:44  Marine x4  
  114  7:49  Marine  
  119  7:54  Supply Depot  
  119  7:55  Supply Depot  
  119  7:57  Supply Depot  
  119  7:58  Supply Depot, Marine  
  119  7:59  Marine  
  121  8:12  Siege Tank  
  124  8:13  Marine  
  124  8:16  Marine x8  
  124  8:17  Marine x2  
  124  8:19  Missile Turret  
  135  8:31  Marine  
  135  8:34  Marine x8  
  143  8:35  Barracks Reactor, Terran Infantry Armor Level 2, Marine  
  143  8:36  Barracks Reactor  
  145  8:44  Supply Depot x2  
  145  8:49  Marine  
  145  8:51  Marine x6  
  151  8:57  Missile Turret  
  151  9:00  Marine  
  151  9:01  Marine x2  
  154  9:04  Supply Depot  
  154  9:05  Supply Depot, Terran Infantry Weapons Level 2  
  154  9:07  Marine  
  154  9:09  Marine x5  
  160  9:10  Supply Depot  
  160  9:14  Supply Depot x2  
  160  9:22  Marine  
  160  9:23  Marine x6  
  167  9:27  Marine  
  167  9:28  Marine  
  167  9:29  Marine x4  
  167  9:31  Marine  
  174  9:40  Marine x7  
  174  9:43  Siege Tank  
  174  9:45  Marine  
  184  9:50  Marine x2  
  187  9:58  Marine x6  
  187  9:59  Marine x5  
  192  10:03  Marine  
  190  10:08  Marine x2  
  192  10:16  Marine  
  192  10:17  Terran Vehicle Weapons Level 1  
  191  10:24  Marine x9  
  104  10:43  Marine  
  104  10:44  Marine x11  
  104  10:48  Medivac x2  
  104  10:49  Siege Tank  
  117  10:50  Marine x2  
  117  10:54  Factory  
  119  11:01  Marine x3  
  122  11:07  Marine x2  
  122  11:09  Marine x2  
  122  11:10  Marine x6  
  122  11:11  Marine  
  133  11:19  Marine x3  
  133  11:21  Siege Tank  
  133  11:24  Marine  
  133  11:25  Marine  
  138  11:27  Marine x3  
  138  11:28  Medivac x2, Marine x3  
  138  11:29  Marine x3  
  151  11:37  Marine x3  
  154  11:41  Factory Tech Lab  
  154  11:42  Marine  
  154  11:43  Marine  
  154  11:45  Marine x3  
  154  11:46  Marine x6  
  163  11:55  Marine x3  
  163  12:00  Marine  

Tags
 
Add a new tag
Caveats
  • Supply blocks, unpowered buildings, or Contaminate may cause inaccurate times.
  • Supply counts are checked every 10 seconds.